cohdb
Replays
Latest Replays
All Replays
Popular Replays
Top Player Replays
Match Explorer
How It Works
Community
CoH3 Stats
Reddit
Sign in to upload your games and track your stats! →
Sign in with Steam
Match 40628931
Unlisted
Match 40628931
Overview
Messages
Build Orders
End
Kettenkrad Recon Vehicle
Construct Infanterie Kompanie
Grenadier Squad
MG 42 Machine Gun Team
Grenadier Squad
MG 42 Machine Gun Team
Construct Luftwaffe Kompanie
Grenadier Squad
Support Elements
Wirbelwind Flakpanzer
Marder III M Tank Destroyer
Jäger Squad
Marder III M Tank Destroyer
Construct Panzergrenadier Kompanie
Nebelwerfer 42 Rocket Launcher Team
Pioneer Squad
Pioneer Squad
Side Skirts
Panzergrenadier Officer Quarters
Selects Terror Battlegroup
Selects Machine Gun Camouflage
Selects Defend the Fatherland
Selects King Tiger Heavy Tank
King Tiger Heavy Tank
Pioneer Squad
ko11
OrdinaryWalnut
matjouz
Sarmynation
0
0
Comments
sign in to comment!
No comments posted yet!